 Dungeon Crawl Stone Soup version 0.17-a0-968-gf8e1f1d (webtiles) character file.

21 Kiryas the Chopper (level 2, 0/21 HPs)
             Began as a Vampire Wanderer on May 9, 2015.
             Slain by a giant gecko (2 damage)
             ... on level 1 of the Dungeon.
             The game lasted 00:06:13 (308 turns).

Kiryas the Chopper (Vampire Wanderer)                Turns: 308, Time: 00:06:14

Health: 0/21       AC:  3    Str:  9    XL:     2   Next: 62%
Magic:  5/5        EV: 10    Int: 17    God:
Gold:   8          SH:  0    Dex: 12    Spells: 1 memorised, 4 levels left

rFire  . . .     SeeInvis +     a - +2 hand axe
rCold  + . .     Clarity  .     h - +0 leather armour {rC+}
rNeg   . . .     SustAb   .     (no shield)
rPois  .         Gourm    .     (no helmet)
rElec  .         Spirit   .     (no cloak)
rCorr  .         Warding  .     (no gloves)
rMut   .         Stasis   .     (no boots)
MR     .....                    g - amulet of inaccuracy (curse)
Stlth  ++........               (no ring)
                                (no ring)

@: regenerating quickly, not resistant to hostile enchantments, unstealthy
A: fangs 3, see invisible, unbreathing
a: no special abilities


You were on level 1 of the Dungeon.
You were full.

You visited 1 branch of the dungeon, and saw 1 of its levels.

You collected 8 gold pieces.

Inventory:

Hand weapons
 a - a +2 hand axe (weapon)
 f - a cursed -2 dagger
Armour
 b - a +0 ring mail
 h - a +0 leather armour of cold resistance (worn)
Jewellery
 g - a cursed amulet of inaccuracy (around neck)
Potions
 d - 2 potions of blood
 e - a potion of mutation {unknown}
Books
 c - the Tome of the Pink Corner

   Spells                             Type                      Level
   a - Flame Tongue                   Conjuration/Fire             1
   b - Conjure Flame                  Conjuration/Fire             3


   Skills:
 - Level 1.0 Fighting
 + Level 3.3 Axes
 - Level 1.0 Throwing
 - Level 1.0 Armour
 + Level 0.2 Dodging
 - Level 1.5 Stealth
 + Level 2.0 Spellcasting
 + Level 1.1 Fire Magic


You had 4 spell levels left.
You knew the following spells:

 Your Spells              Type           Power        Failure   Level  Hunger
a - Flame Tongue          Conj/Fire      #....        21%         1    #......


Dungeon Overview and Level Annotations

Branches:
Dungeon (1/15)

Altars:


Innate Abilities, Weirdness & Mutations

Your natural rate of healing is unusually fast.
You have razor-sharp teeth.
You have supernaturally acute eyesight.
You can survive without breathing.


Message History

The giant gecko bites you. The giant gecko closely misses you.
You barely miss the giant gecko.
The giant gecko is moderately wounded.
The giant gecko bites you.
You closely miss the giant gecko.
The giant gecko is moderately wounded.
The giant gecko bites you. The giant gecko barely misses you.
The giant gecko bites you.
* * * LOW HITPOINT WARNING * * *
The giant gecko bites you.
* * * LOW HITPOINT WARNING * * *
The giant gecko bites you.
* * * LOW HITPOINT WARNING * * *
You miss the giant gecko.
The giant gecko is moderately wounded.
The giant gecko closely misses you.
You barely miss the giant gecko.
The giant gecko is moderately wounded.
The giant gecko bites you.
You die...

.........#.......#
#....(.)....
...#.....#.......#
#...#.#†#.#.##
)..#....##.......#
#........>..##
...#.............#
#...#.#.#.#..#
..##....##.......#
#.#........... ..#
...# ......#
#.#.#.#.#.#.#. .## ..#
....# ...........#. ##
#..# ###.#.#.#.#.#.
#####@#####...........
#....l....#.......####
#....l....#.......#
#.........#.......#
###...#...#.......#
###...###........####
##...### #...#.####
#...## #..##.###
##...### ##......#


You could see a giant gecko and a giant newt.

Vanquished Creatures
  An ooze (D:1)
  A giant gecko (D:1)
  A ball python (D:1)
  2 hobgoblins (D:1)
  2 jackals (D:1)
  2 kobolds (D:1)
  5 giant newts (D:1)
  A goblin (D:1)
15 creatures vanquished.

Notes
Turn   | Place    | Note
--------------------------------------------------------------
     0 | D:1      | Kiryas, the Vampire Wanderer, began the quest for the Orb.
     0 | D:1      | Kiryas set off with: a +2 hand axe, a +0 ring mail, the Tome of the Pink Corner, a potion of blood
     0 | D:1      | Reached XP level 1. HP: 15/15 MP: 3/3
     3 | D:1      | Learned a level 1 spell: Flame Tongue
    51 | D:1      | Reached skill level 3 in Axes
   121 | D:1      | Reached XP level 2. HP: 19/21 MP: 5/5
   304 | D:1      | HP: 1/21 [giant gecko (4)]
   308 | D:1      | Slain by a giant gecko

Action                   || total
-------------------------++-------
Melee: Hand axe          ||    54
 Stab: Sleeping          ||     2
  Eat: Corpse            ||     3
